 Dungeon Crawl Stone Soup version 0.30-a0-557-ge2afbf3030 (webtiles) character file.

Game seed: 13985389486692671912

2784 Jase the Jinx (level 9, -3/39 HPs)
             Began as a Spriggan Enchanter on Dec 27, 2022.
             Was a Follower of Uskayaw.
             Killed from afar by a white imp (11 damage)
             ... with a puff of frost
             ... on level 7 of the Dungeon.
             The game lasted 00:31:07 (8315 turns).

Jase the Jinx (Spriggan Enchanter)                  Turns: 8315, Time: 00:31:08

Health: -3/39      AC:  3    Str:  4    XL:     9   Next: 43%
Magic:  11/14      EV: 20    Int: 21    God:    Uskayaw [*.....]
Gold:   274        SH:  0    Dex: 15    Spells: 2/13 levels left

rFire   . . .      SeeInvis +    b - +4 dagger
rCold   . . .      Faith    .    (no shield)
rNeg    . . .      Spirit   .    I - +1 robe {Will+}
rPois   .          Reflect  .    (helmet restricted)
rElec   .          Harm     .    (no cloak)
rCorr   .          Rampage  .    (gloves unavailable)
Will    ++...                    (boots unavailable)
Stlth   ++++                     (no amulet)
HPRegen 0.26/turn                p - ring of wizardry
MPRegen 0.14/turn                (no ring)

@: very quick
A: very small, no large weapons, unfitting armour, see invisible, speed 3
a: Renounce Religion, Stomp


You were on level 7 of the Dungeon.
You worshipped Uskayaw.
Uskayaw was noncommittal.
You visited 2 branches of the dungeon, and saw 8 of its levels.

You collected 274 gold pieces.

Inventory:

Hand Weapons
 a - a +0 short sword of draining
 b - a +4 dagger (weapon)
Missiles
 e - 54 stones (quivered)
 u - 3 curare-tipped darts
Armour
 I - a +1 robe of willpower (worn)
Jewellery
 p - a ring of wizardry (left hand)
 w - a ring of wizardry
Wands
 y - a wand of charming (12)
 A - a wand of iceblast (8)
 E - a wand of mindburst (14)
Scrolls
 d - 5 scrolls of identify {unknown}
 f - a scroll of torment {unknown}
 h - a scroll of magic mapping {unknown}
 j - a scroll of silence {unknown}
 k - a scroll of blinking {unknown}
 l - 4 scrolls of immolation {unknown}
 s - a scroll of vulnerability {unknown}
 t - a scroll of enchant armour {unknown}
 x - 2 scrolls of fog {unknown}
 z - a scroll of fear {unknown}
 C - a scroll of teleportation {unknown}
 D - a scroll of noise {unknown}
 F - a scroll of brand weapon {unknown}
 G - a scroll of amnesia {unknown}
 H - a scroll of enchant weapon {unknown}
Potions
 c - 2 potions of invisibility
 g - 3 potions of degeneration {unknown}
 i - a potion of magic {unknown}
 m - a potion of mutation {unknown}
 n - 3 potions of berserk rage {unknown}
 o - a potion of heal wounds {unknown}
 q - 3 potions of curing {unknown}
 r - a potion of might {unknown}
 v - a potion of haste {unknown}
 B - a potion of attraction {unknown}


   Skills:
 * Level 7.9 Short Blades
 + Level 7.0 Dodging
 + Level 9.1 Stealth
 - Level 2.6 Spellcasting
 + Level 1.6 Conjurations
 * Level 9.2 Hexes
 - Level 2.0 Ice Magic
 + Level 1.2 Invocations


You had 2 spell levels left.
You knew the following spells:

 Your Spells              Type           Power      Damage    Failure   Level
a - Ensorcelled Hibernat  Hex/Ice        52%        N/A       1%          2
b - Confusing Touch       Hex            41%        N/A       1%          3
c - Tukima's Dance        Hex            41%        N/A       1%          3
d - Dazzling Flash        Conj/Hex       50%        N/A       1%          3

Your spell library contained the following spells:

 Spells                   Type           Power      Damage    Failure   Level
 Momentum Strike          Conj/Tloc      12%        3d8       6%          2
 Blink                    Tloc           4%         N/A       9%          2
 Ignite Poison            Fire/Tmut/Pois 2%         N/A       16%         3
 Kindle Blastsparks       Fire/Tloc/Air  4%         2d10      16%         3
 Lesser Beckoning         Tloc           4%         N/A       16%         3
 Freezing Cloud           Conj/Ice/Air   3%         6-21      65%         5


Dungeon Overview and Level Annotations

Branches:
Dungeon (7/15)             Temple (1/1) D:7

Altars:
Ashenzari
Cheibriados
Dithmenos
Elyvilon
Fedhas
Gozag
Hepliaklqana
Kikubaaqudgha
Makhleb
Nemelex Xobeh
Okawaru
Qazlal
Ru
Sif Muna
Trog
Uskayaw
Vehumet
Wu Jian
Xom
Yredelemnul
Zin
The Shining One

Shops:
D:3 (   D:7 (:**

Annotations:
D:3 3 runed translucent doors, Pokonic1's ghost, amateur DsFi
D:4 2 transporters, bmack86's ghost, novice MiFi


Innate Abilities, Weirdness & Mutations

You are very small and have problems with some larger weapons.
You are too small for most types of armour.
You have supernaturally acute eyesight. (SInv)
You cover ground extremely quickly. (Speed+++)


Message History

You hit the white imp but do no damage. You hit the white imp but do no damage.
The white imp completely misses you.
You hit the white imp.
The white imp is lightly wounded.
You closely miss the white imp.
The white imp is lightly wounded.
The white imp closely misses you.
You barely miss the white imp.
The white imp is lightly wounded.
The white imp barely misses you.
b - a +4 dagger (weapon)
You barely miss the white imp.
The white imp is lightly wounded.
The white imp misses you.
You hit the white imp but do no damage.
The white imp is lightly wounded.
You closely miss the white imp.
The white imp is lightly wounded.
The white imp gestures at you. The puff of frost hits you!
You hit the white imp but do no damage. Your punch misses the white imp.
The white imp is lightly wounded.
The white imp gestures at you. The puff of frost hits you.
* * * LOW HITPOINT WARNING * * *
You hit the white imp but do no damage.
The white imp is lightly wounded.
You hit the white imp.
The white imp is heavily wounded.
The white imp misses you.
You hit the white imp but do no damage.
The white imp is heavily wounded.
You barely miss the white imp.
The white imp is heavily wounded.
The white imp closely misses you.
You hit the white imp but do no damage.
The white imp is heavily wounded.
The white imp gestures at you. The puff of frost hits you!
You die...

.#.#.##....## ##..###..
......#.....# .........
##.#..#.....# ........ .
#....#.....# ........... +
#.##....## #.$.# ....#
..##....########...##....#
#.........................
..........................
#........~~~.@....[.......
........~~§~5.....))......
.......§§~~§~~............
.....[..~§~>§§§............
...##'##~~§~§§§#########..#
...##.5..~~§~~..#...#### ##
......z)..~~~...#......#
................#......#
......)..)......#......#


You could see a white imp.

Vanquished Creatures
  Pikel (D:4)
  Sigmund (D:6)
  Menkaure (D:5)
  Duvessa (D:6)
  2 ogres
  3 centaurs
  4 lemures (D:4)
  A phantom (D:3)
  3 necrophages
  2 bullfrogs
  2 scorpions
  A wight (D:6)
  Dowan (D:6)
  4 killer bees (D:7)
  A howler monkey (D:7)
  A jelly (D:6)
  A hound (D:5)
  4 iguanas
  3 orc wizards
  A mummy (D:3)
  9 adders
  An ufetubus (D:6)
  2 worms
  3 dart slugs
  19 orcs
  9 ball pythons
  6 bats
  5 endoplasms
  3 giant cockroaches
  8 goblins
  9 hobgoblins
  11 jackals
  5 kobolds
  2 quokkas
  4 frilled lizards
  9 rats
143 creatures vanquished.

Vanquished Creatures (collateral kills)
  An orc warrior (D:7)
  3 wights
  3 orcs
7 creatures vanquished.

Vanquished Creatures (others)
  4 dancing weapons
  An orc wizard (D:7)
  3 plants (D:7)
8 creatures vanquished.

Grand Total: 158 creatures vanquished

Notes
Turn   | Place    | Note
-------+----------+-------------------------------------------
     0 | D:1      | Jase the Spriggan Enchanter began the quest for the Orb.
     0 | D:1      | Reached XP level 1. HP: 9/9 MP: 5/5
   180 | D:1      | Reached XP level 2. HP: 13/13 MP: 6/6
   196 | D:1      | Learned a level 2 spell: Ensorcelled Hibernation
   412 | D:1      | Found a faded altar of an unknown god.
   689 | D:1      | Reached XP level 3. HP: 13/16 MP: 8/8
  1249 | D:1      | Learned a level 3 spell: Confusing Touch
  1361 | D:2      | Reached skill level 5 in Stealth
  1730 | D:2      | Reached XP level 4. HP: 21/21 MP: 9/9
  1735 | D:2      | Learned a level 3 spell: Tukima's Dance
  1860 | D:2      | Found a white marble altar of Elyvilon.
  2591 | D:3      | Noticed a phantom
  2689 | D:3      | Found a snail-covered altar of Cheibriados.
  2699 | D:3      | Reached XP level 5. HP: 24/24 MP: 6/10
  2856 | D:3      | Killed a phantom
  2857 | D:3      | Reached skill level 5 in Hexes
  2857 | D:3      | Reached skill level 1 in Ice Magic
  3056 | D:3      | Found a runed translucent gate.
  3057 | D:3      | Found a runed translucent gate.
  3059 | D:3      | Found a runed translucent gate.
  3060 | D:3      | Noticed Pokonic1's ghost (amateur DsFi)
  3620 | D:3      | Found Nipow's Antique Weapon Shop.
  3840 | D:4      | Noticed a lemure
  3840 | D:4      | Noticed a lemure
  3842 | D:4      | Noticed Pikel
  3899 | D:4      | Reached XP level 6. HP: 23/28 MP: 7/11
  3948 | D:4      | Found a transporter.
  3952 | D:4      | Found a transporter.
  3953 | D:4      | Noticed bmack86's ghost (novice MiFi)
  5037 | D:4      | Killed Pikel
  5038 | D:4      | Reached skill level 5 in Short Blades
  5038 | D:4      | Reached skill level 5 in Dodging
  5038 | D:4      | Reached XP level 7. HP: 32/32 MP: 0/12
  5294 | D:5      | Entered Level 5 of the Dungeon
  5398 | D:5      | Noticed Menkaure
  5666 | D:5      | Reached XP level 8. HP: 31/36 MP: 10/13
  5799 | D:5      | Killed Menkaure
  6155 | D:6      | Noticed Duvessa
  6157 | D:6      | Noticed Dowan
  6316 | D:6      | Killed Dowan
  6326 | D:6      | Killed Duvessa
  6437 | D:6      | Found an ancient bone altar of Kikubaaqudgha.
  6684 | D:6      | Learned a level 3 spell: Dazzling Flash
  7379 | D:6      | Noticed Sigmund
  7389 | D:6      | Killed Sigmund
  7390 | D:6      | Reached skill level 1 in Conjurations
  7390 | D:6      | Reached XP level 9. HP: 39/39 MP: 5/14
  7561 | D:7      | Found Poeggeff's Assorted Antiques.
  7672 | D:7      | Found a staircase to the Ecumenical Temple.
  7693 | Temple   | Entered the Ecumenical Temple
  7865 | Temple   | Became a worshipper of Uskayaw the Reveller
  7904 | D:7      | Reached * piety under Uskayaw
  7907 | D:7      | Reached ** piety under Uskayaw
  7909 | D:7      | Reached *** piety under Uskayaw
  7912 | D:7      | Reached **** piety under Uskayaw
  8054 | D:6      | Reached skill level 1 in Invocations
  8202 | D:7      | Found Umaxe's Assorted Antiques.
  8215 | D:7      | Found Jienwe's Antique Weapon Boutique.
  8216 | D:7      | Found Valitoany's Book Shop.
  8315 | D:7      | Killed from afar by a white imp

Illustrated notes

Levels and vault maps discovered:
D:1:      mrwooster_arrival_arrow, layout_loops_ring,
          ebering_ecumenical_altar_hall
D:2:      kb_forest_paths, layout_basic, basic_altar
D:3:      layout_basic, chei_slow_surprise, serial_forest,
          infiniplex_forest_lined_3_way, infiniplex_forest_fountain,
          infiniplex_forest_straight_1, infiniplex_forest_clump_tiny,
          serial_shops, shop, gammafunk_ghost_necromancy, st_stairs_2,
          minmay_misc_feat_square
D:4:      layout_loops_ring, gammafunk_ghost_mausoleum, serial_park_tiny_2,
          nrook_uturn, uniq_pikel
D:5:      layout_basic, uniq_menkaure
D:6:      layout_loops_ring, lemuel_round_altar, kennysheep_cross_bottleneck,
          uniq_duvessa, uniq_sigmund
D:7:      layout_gridville, minmay_temple_entry_mist, serial_shops,
          nicolae_shop_statue_plus, shop, nicolae_shop_overgrown_old_shop,
          nicolae_shop_overgrown_old_shop, minmay_misc_feat_doors
Temple:   nicolae_temple_bog_church

Skill      XL: |  1  2  3  4  5  6  7  8  9 |
---------------+----------------------------+-----
Dodging        | 3 4 5 6 7 |  7.0
Short Blades   | 2 3 4 5 6 7 |  7.9
Hexes          | 4 5 6 7 8 9 |  9.2
Stealth        | 5 6 7 8 9 |  9.1
Ice Magic      | 1 2 |  2.0
Conjurations   | 1 |  1.6
Invocations    | 1 |  1.2
Spellcasting   | |  2.6

Action                   |  1- 3 |  4- 6 |  7- 9 || total
-------------------------+-------+-------+-------++-------
Melee: Dagger            |   128 |   156 |    92 ||   376
       Punch             |     1 |       |     4 ||     5
       Short sword       |       |       |   161 ||   161
 Cast: Ensorcelled Hiber |    14 |    30 |    24 ||    68
       Confusing Touch   |       |     6 |     6 ||    12
       Tukima's Dance    |       |     3 |    17 ||    20
       Dazzling Flash    |       |       |     1 ||     1
 Stab: Sleeping          |    19 |    21 |    16 ||    56
       Distracted        |     1 |       |       ||     1
       Confused          |       |     6 |     5 ||    11
       Invisible         |       |       |     2 ||     2
       Paralysed         |       |       |     2 ||     2
Armor: Robe              |    15 |     7 |    15 ||    37
Dodge: Dodged            |    80 |    94 |   158 ||   332

Table legend: (Time is in decaauts)
 A = Elapsed time spent in this place.
 B = Non-inter-level travel time spent in this place.
 C = Inter-level travel time spent in this place.
 D = Time resting spent in this place.
 E = Time spent auto-exploring this place.
 F = Levels seen in this place.
 G = Mean time per level.
                   A        B        C        D        E       F      G
               +--------+--------+--------+--------+--------+-----+--------+
         Total |   5986 |   5765 |    221 |   1421 |   2948 |   8 |  748.2 |
       Dungeon |   5860 |   5651 |    209 |   1421 |   2848 |   7 |  837.1 |
        Temple |    125 |    114 |     11 |      0 |     99 |   1 |  125.0 |
               +--------+--------+--------+--------+--------+-----+--------+

Top non-repeatable levels by time:
     D:6: 1187 daAuts
     D:4: 1133 daAuts
     D:3: 1092 daAuts
     D:1: 926 daAuts
     D:2: 659 daAuts
     D:5: 559 daAuts
     D:7: 301 daAuts
  Temple: 125 daAuts
